 Dungeon Crawl Stone Soup version 0.26-a0-665-gefeb406119 (webtiles) character file.

Game seed: 4766297644619884721

527 Elric the Skirmisher (level 7, -12/55 HPs)
             Began as a Demonspawn Fighter on Oct 14, 2020.
             Killed from afar by a gargoyle (23 damage)
             ... with a stone arrow
             ... on level 5 of the Dungeon.
             The game lasted 00:03:22 (3062 turns).

Elric the Skirmisher (Demonspawn Fighter)           Turns: 3062, Time: 00:03:22

Health: -12/55     AC: 13    Str: 18    XL:     7   Next: 2%
Magic:  7/7        EV:  3    Int: 10    God:
Gold:   268        SH:  9    Dex: 12    Spells: 6/6 levels left

rFire    . . .     SeeInvis .   a - +0 war axe
rCold    . . .     Faith    .   c - +0 kite shield
rNeg     . . .     Spirit   .   p - +0 plate armour
rPois    .         Reflect  .   (no helmet)
rElec    .         Harm     .   (no cloak)
rCorr    .         Rampage  .   (no gloves)
MR       .....                  (no boots)
Stlth    ..........             (no amulet)
HPRegen  0.18/turn              (no ring)
MPRegen  0.10/turn              (no ring)

@: no status effects
A: claws 1, molten scales 1, spiny 2
a: no special abilities


You were on level 5 of the Dungeon.
You visited 1 branch of the dungeon, and saw 5 of its levels.

You collected 268 gold pieces.

Inventory:

Hand Weapons
 a - a +0 war axe (weapon)
Armour
 b - a +0 scale mail
 c - a +0 kite shield (worn)
 o - a +3 scale mail of poison resistance
 p - a +0 plate armour (worn)
Wands
 n - a wand of random effects (36)
Scrolls
 e - a scroll of immolation {unknown}
 f - a scroll of remove curse {unknown}
 j - 5 scrolls of identify {unknown}
 k - 2 scrolls of magic mapping {unknown}
 l - a scroll of enchant weapon {unknown}
 q - a scroll of teleportation {unknown}
 r - a scroll of enchant armour {unknown}
 s - a scroll of blinking {unknown}
 t - a scroll of fear {unknown}
Potions
 d - a potion of might
 g - 2 potions of flight {unknown}
 h - a potion of lignification {unknown}
 i - 2 potions of curing {unknown}
 m - a potion of heal wounds {unknown}


   Skills:
 + Level 4.7 Fighting
 + Level 3.6 Axes
 + Level 4.2 Armour
 - Level 0.1 Dodging
 + Level 4.3 Shields


You had 6 spell levels left.
You didn't know any spells.
Your spell library was empty.

Dungeon Overview and Level Annotations

Branches:
Dungeon (5/15)
 Temple: D:4-7

Altars:
Cheibriados


Innate Abilities, Weirdness & Mutations

You have sharp fingernails.
You are partially covered in molten scales. (AC +2)
You are mostly covered in sharp spines.


Message History

You hit the gargoyle but do no damage. The gargoyle hits you with a +0 mace!
You slash the gargoyle!
The gargoyle is moderately damaged.
The gargoyle hits you with a +0 mace!
* * * LOW HITPOINT WARNING * * *
You slash the gargoyle!
The gargoyle is severely damaged.
You block the gargoyle's attack.
You closely miss the gargoyle.
The gargoyle is severely damaged.
The gargoyle hurls a stone arrow at you.
You block the stone arrow.
The gargoyle hurls a stone arrow at you.
The stone arrow hits you.
* * * LOW HITPOINT WARNING * * *
You hit the gargoyle.
The gargoyle is almost destroyed.
The gargoyle hurls a stone arrow at you.
The stone arrow hits you!!
You die...

##+##
##...##
##....)##
##...>...##
#.........#
+......(..+
#......(..#
##....@(.##
##...9(##
##..<##
##'## #. #.
#. ..


You could see a gargoyle.

Vanquished Creatures
  A centaur (D:5)
  2 scorpions (D:4)
  A hound (D:4)
  4 orc wizards (D:4)
  Jessica (D:3)
  Terence (D:3)
  A worker ant (D:4)
  5 adders
  3 oozes
  2 worms (D:2)
  A dart slug (D:1)
  2 leopard geckos (D:4)
  3 orcs (D:4)
  A ball python (D:4)
  6 bats
  6 giant cockroaches
  5 goblins
  8 hobgoblins
  4 jackals (D:2)
  A quokka (D:4)
  6 frilled lizards
  14 kobolds
  5 rats
83 creatures vanquished.

Notes
Turn   | Place    | Note
-------+----------+-------------------------------------------
     0 | D:1      | Elric the Demonspawn Fighter began the quest for the Orb.
     0 | D:1      | Reached XP level 1. HP: 18/18 MP: 1/1
   137 | D:1      | Gained mutation: You are partially covered in sharp spines.
                  | [demonic ancestry]
   137 | D:1      | Reached XP level 2. HP: 23/24 MP: 2/2
   489 | D:1      | Reached XP level 3. HP: 29/29 MP: 3/3
  1247 | D:2      | Reached XP level 4. HP: 35/35 MP: 4/4
  1774 | D:3      | Found a snail-covered altar of Cheibriados.
  1818 | D:3      | Noticed Jessica
  1820 | D:3      | Noticed Terence
  1830 | D:3      | Killed Jessica
  1830 | D:3      | Gained mutation: You are mostly covered in sharp spines.
                  | [demonic ancestry]
  1830 | D:3      | Reached XP level 5. HP: 25/42 MP: 5/5
  1837 | D:3      | Killed Terence
  2431 | D:4      | Gained mutation: You have sharp fingernails. [demonic
                  | ancestry]
  2431 | D:4      | Reached XP level 6. HP: 41/48 MP: 6/6
  3003 | D:5      | Entered Level 5 of the Dungeon
  3012 | D:5      | Gained mutation: You are partially covered in molten
                  | scales. (AC +2) [demonic ancestry]
  3012 | D:5      | Reached XP level 7. HP: 47/55 MP: 7/7
  3053 | D:5      | Noticed a gargoyle
  3062 | D:5      | Killed from afar by a gargoyle

Illustrated notes

Levels and vault maps discovered:
D:1:      wander_arrival_lonely_grave, layout_rooms
D:2:      layout_loops_corners
D:3:      layout_rooms, cheibriados_altar_1, uniq_jessica, uniq_terence
D:4:      layout_gridville, hex_medium
D:5:      layout_loops_corners, minmay_quadrilaterals

Skill      XL: |  1  2  3  4  5  6 |
---------------+-------------------+-----
Axes           | 2 3 |  3.6
Armour         | 3 4 |  4.2
Shields        | 3 4 |  4.3
Fighting       | 4 |  4.7
Dodging        | |  0.1

Action                   |  1- 3 |  4- 6 |  7- 9 || total
-------------------------+-------+-------+-------++-------
Melee: War axe           |   100 |    98 |     5 ||   203
Armor: Scale mail        |    41 |    24 |       ||    65
       Plate armour      |       |    36 |       ||    36
Dodge: Dodged            |    35 |    23 |       ||    58
Block: Kite shield       |    66 |    68 |     2 ||   136

Table legend: (Time is in decaauts)
 A = Elapsed time spent in this place.
 B = Non-inter-level travel time spent in this place.
 C = Inter-level travel time spent in this place.
 D = Time resting spent in this place.
 E = Time spent auto-exploring this place.
 F = Levels seen in this place.
 G = Mean time per level.
                   A        B        C        D        E       F      G
               +--------+--------+--------+--------+--------+-----+--------+
         Total |   3153 |   3031 |    122 |      0 |   2434 |   5 |  630.6 |
       Dungeon |   3153 |   3031 |    122 |      0 |   2434 |   5 |  630.6 |
               +--------+--------+--------+--------+--------+-----+--------+

Top non-repeatable levels by time:
     D:2: 1041 daAuts
     D:1: 745 daAuts
     D:4: 718 daAuts
     D:3: 585 daAuts
     D:5: 61 daAuts
